 Dungeon Crawl Stone Soup version 0.30-a0-719-gcc4359ea44 (webtiles) character file.

Game seed: 9832338870339353046

920 Arximoufas the Digger (level 8, -12/52 HPs)
             Began as a Formicid Earth Elementalist on Jan 26, 2023.
             Was an Initiate of Cheibriados.
             Mangled by an ogre
             ... wielding a +0 giant spiked club
              (19 damage)
             ... on level 7 of the Dungeon.
             The game lasted 00:38:14 (8543 turns).

Arximoufas the Digger (Formicid Earth Elementalist) Turns: 8543, Time: 00:38:15

Health: -12/52     AC:  7    Str: 14    XL:     8   Next: 31%
Magic:  16/20      EV: 12    Int: 18    God:    Cheibriados [......]
Gold:   320        SH:  0    Dex: 15    Spells: 6/11 levels left

rFire   + . .      SeeInvis +    s - staff of fire
rCold   . . .      Faith    .    (no shield)
rNeg    . . .      Spirit   .    a - +0 robe
rPois   .          Reflect  .    (helmet unavailable)
rElec   .          Harm     .    (no cloak)
rCorr   .          Rampage  .    (no gloves)
Will    .....                    n - +0 pair of boots
Stlth   +++                      (no amulet)
HPRegen 0.28/turn                y - +4 ring of protection
MPRegen 0.17/turn                D - ring of magical power

@: very slow
A: permanent stasis, dig shafts and tunnels, antennae 3, four strong arms
a: Dig, Shaft Self, Renounce Religion


You were on level 7 of the Dungeon.
You worshipped Cheibriados.
Cheibriados was noncommittal.
You visited 2 branches of the dungeon, and saw 8 of its levels.

You collected 424 gold pieces.
You spent 104 gold pieces at shops.

Inventory:

Armour
 a - a +0 robe (worn)
 n - a +0 pair of boots (worn)
 x - the +0 chain mail "Giss" {*Corrode rF+ rC+ Regen+}
   (You found it on level 4 of the Dungeon)

   rF:        It protects you from fire.
   rC:        It protects you from cold.
   Regen:     It increases your rate of health regeneration.
   *Corrode:  It may corrode you when you take damage.
Magical Staves
 s - a staff of fire (weapon)
Jewellery
 y - a +4 ring of protection (left hand)
 D - a ring of magical power (right hand)
Scrolls
 c - a scroll of vulnerability
 f - a scroll of brand weapon
 i - 2 scrolls of poison {unknown}
 j - a scroll of magic mapping
 k - a scroll of silence {unknown}
 m - a scroll of butterflies {unknown}
 t - a scroll of noise {unknown}
 w - a scroll of amnesia {unknown}
 A - 4 scrolls of teleportation {unknown}
 C - a scroll of acquirement {unknown}
Potions
 b - a potion of magic
 d - 3 potions of curing {unknown}
 e - 5 potions of flight
 g - a potion of berserk rage {unknown}
 h - a potion of degeneration {unknown}
 l - a potion of mutation {unknown}
 o - 2 potions of attraction {unknown}
 q - a potion of lignification {unknown}
 r - a potion of invisibility {unknown}
 v - a potion of resistance {unknown}
 z - a potion of haste {unknown}
 E - 2 potions of might {unknown}


   Skills:
 - Level 1.7 Dodging
 + Level 6.1 Stealth
 - Level 2.1 Spellcasting
 - Level 5.0 Transmutations
 + Level 6.5 Earth Magic
 + Level 5.7 Poison Magic


You had 6 spell levels left.
You knew the following spells:

 Your Spells              Type           Power      Damage    Failure   Level
a - Sandblast             Erth           50%        2d12      1%          1
b - Poisonous Vapours     Pois/Air       24%        N/A       9%          2
c - Passwall              Tmut/Erth      18%        N/A       2%          2

Your spell library contained the following spells:

 Spells                   Type           Power      Damage    Failure   Level
 Sting                    Tmut/Pois      84%        1d7       1%          1
 Stone Arrow              Conj/Erth      26%        3d8       14%         3
 Olgreb's Toxic Radiance  Pois           22%        N/A       17%         4
 Petrify                  Tmut/Erth      22%        N/A       17%         4
 Apportation              Tloc           2%         N/A       19%         1
 Necrotise                Necr           4%         1d4       19%         1
 Summon Small Mammal      Summ           4%         N/A       19%         1


Dungeon Overview and Level Annotations

Branches:
Dungeon (7/15)             Temple (1/1) D:6

Altars:
Cheibriados
Dithmenos
Elyvilon
Fedhas
Gozag
Nemelex Xobeh
Okawaru
Trog
Uskayaw
Wu Jian
Xom
Zin
The Shining One

Shops:
D:5 ?   D:6 :

Annotations:
D:3 Terence
D:6 Grinder


Innate Abilities, Weirdness & Mutations

You cannot be hasted, slowed, berserked, paralysed or teleported.
You can dig through walls and to a lower floor.
You have a pair of large antennae on your head. (SInv)
Your four strong arms can wield two-handed weapons with a shield.


Message History

Press: ? - help, Q - select action, (/) - cycle Shift-Dir - straight line, f/p - centaur
Aim: a centaur (lightly wounded, poisoned, 90% to hit)
The blast of sand hits the centaur.
The centaur is lightly wounded.
The centaur hits you.
The centaur kicks you but does no damage.
The centaur hits you but does no damage.
The centaur kicks you but does no damage.
An ogre comes into view. It is wielding a +0 giant spiked club.
Aiming: Sandblast (safe; 1% risk of failure)
Press: ? - help, Q - select action, (/) - cycle Shift-Dir - straight line, f/p - centaur
Aim: a centaur (moderately wounded, poisoned, 90% to hit)
The blast of sand hits the centaur.
The centaur is moderately wounded.
The ogre shouts!
The centaur hits you. The centaur closely misses you.
The centaur hits you but does no damage.
The centaur barely misses you. The centaur hits you. The centaur kicks you.
Aiming: Sandblast (safe; 1% risk of failure)
Press: ? - help, Q - select action, (/) - cycle Shift-Dir - straight line, f/p - centaur
Aim: a centaur (heavily wounded, poisoned, 90% to hit)
The blast of sand hits the centaur!
The centaur is almost dead.
The centaur hits you. The centaur barely misses you. x2
The centaur closely misses you.
The ogre hits you with a +0 giant spiked club!
The ogre attacks as you move away! The ogre misses you.
The centaur wields a +0 shortbow.
The centaur shoots an arrow.
The arrow hits you!
* * * LOW HITPOINT WARNING * * *
The centaur shoots an arrow.
The arrow hits you.
* * * LOW HITPOINT WARNING * * *
Okay, then.
Okay, then.
Okay, then.
Are you sure you want to shaft yourself?
The centaur looks more healthy.
You begin to dig a shaft.
You continue digging a shaft.
The ogre hits you with a +0 giant spiked club!!
You die...

#.........#.#
##.......###.
##.....## #. #
##...## ## .#
##'## ###.#####.#
#.# .......c..#
#.# #O########.##
#@#.........##
#.###.#.####.....#
#.......# #....##
#####.###
#.#.####### ...#
#<...)..... #####
###########


You could see an ogre and a centaur.

Vanquished Creatures
  A shadow (Temple)
  An ice beast (D:6)
  A sky beast (D:5)
  A necrophage (D:5)
  3 scorpions
  A hound (D:5)
  2 iguanas (D:6)
  4 orc wizards
  5 adders
  3 shadow imps (D:5)
  2 ufetubi
  3 worms
  2 dart slugs (D:2)
  8 orcs
  3 ball pythons (D:2)
  6 endoplasms
  2 giant cockroaches
  5 hobgoblins
  6 jackals
  8 kobolds
  4 quokkas
  5 bats
  10 frilled lizards
  9 goblins
  8 rats
103 creatures vanquished.

Notes
Turn   | Place    | Note
-------+----------+-------------------------------------------
     0 | D:1      | Arximoufas the Formicid Earth Elementalist began the quest
                  | for the Orb.
     0 | D:1      | Reached XP level 1. HP: 13/13 MP: 3/3
   197 | D:1      | Reached XP level 2. HP: 19/19 MP: 1/5
   243 | D:1      | Learned a level 2 spell: Passwall
   562 | D:1      | Found a faded altar of an unknown god.
   891 | D:1      | Reached XP level 3. HP: 24/24 MP: 4/6
  1786 | D:2      | Reached XP level 4. HP: 30/30 MP: 4/7
  2447 | D:3      | Noticed Terence
  2713 | D:3      | Found a shimmering altar of Xom.
  3250 | D:4      | Reached XP level 5. HP: 35/35 MP: 6/8
  3340 | D:4      | Identified the +0 chain mail "Giss" {*Corrode rF+ rC+
                  | Regen+}
  3674 | D:4      | Learned a level 2 spell: Poisonous Vapours
  4088 | D:5      | Entered Level 5 of the Dungeon
  4151 | D:5      | Found Ydousimn's Magic Scroll Shop.
  4162 | D:5      | Noticed a black bear
  4227 | D:5      | Reached skill level 1 in Poison Magic
  4446 | D:5      | Reached XP level 6. HP: 41/41 MP: 7/9
  4482 | D:5      | Reached skill level 5 in Earth Magic
  4706 | D:5      | Bought a scroll of fear for 52 gold pieces
  4706 | D:5      | Bought a scroll of fog for 52 gold pieces
  6905 | D:6      | Noticed a sky beast
  6973 | D:5      | Killed a sky beast
  6974 | D:5      | Reached XP level 7. HP: 41/46 MP: 4/10
  7041 | D:6      | Found a staircase to the Ecumenical Temple.
  7147 | D:5      | Reached skill level 5 in Stealth
  7234 | D:6      | Noticed a shadow
  7466 | D:6      | Found Cyjalued's Tremendous Tomes.
  7648 | D:6      | Reached skill level 5 in Poison Magic
  7679 | D:6      | Noticed Grinder
  7835 | Temple   | Entered the Ecumenical Temple
  7997 | Temple   | Became a worshipper of Cheibriados the Contemplative
  8038 | Temple   | Killed a shadow
  8039 | Temple   | Reached XP level 8. HP: 22/52 MP: 10/11
  8159 | D:6      | Reached skill level 5 in Transmutations
  8289 | D:6      | Noticed a yak
  8543 | D:7      | Mangled by an ogre

Illustrated notes

Levels and vault maps discovered:
D:1:      sevenhm_arrival_forest_fort_small_6, layout_loops_ring,
          ebering_ecumenical_altar_mist, chequers_jeans, nicolae_wormholes
D:2:      minmay_evil_eye, layout_loops_ring, st_stairs_13, minmay_tromino_mix6
D:3:      layout_loops_ring, xom_teletrap_fun, uniq_terence
D:4:      layout_basic, hangedman_abyss_or_decor_stabs, hangedman_decor_lopped
D:5:      layout_rooms, serial_shops, nicolae_inconvenience_store
D:6:      layout_rooms, mainiacjoe_overflow_alcove_4,
          minmay_temple_entry_mini_moons, enter_ossuary_2, serial_corexii_hall,
          corexii_hall_statues_x, chequers_hall_statues_corner_a,
          nicolae_shop_i_like_big_books, uniq_grinder
D:7:      layout_loops_corners, kennysheep_mini_moat, serial_demonic,
          serial_demonic_a, serial_demonic_g, serial_demonic_g,
          serial_demonic_a, uniq_duvessa
Temple:   hellmonk_temple_flake

Skill      XL: |  1  2  3  4  5  6  7  8 |
---------------+-------------------------+-----
Stealth        | 3 4 5 6 |  6.1
Earth Magic    | 4 5 6 |  6.5
Transmutations | 2 3 4 5 |  5.0
Poison Magic   | 2 3 5 |  5.7
Dodging        | |  1.7
Spellcasting   | |  2.1

Action                     |  1- 3 |  4- 6 |  7- 9 || total
---------------------------+-------+-------+-------++-------
  Melee: Unarmed           |       |     4 |       ||     4
         Staff             |       |       |     4 ||     4
   Cast: Sandblast         |    57 |    83 |    70 ||   210
         Poisonous Vapours |       |       |     6 ||     6
Ability: Dig               |       |     2 |       ||     2
         Shaft Self        |       |       |     1 ||     1
    Use: Scroll            |       |     5 |     2 ||     7
         Potion            |       |       |     1 ||     1
 Armour: Robe              |     1 |    10 |    24 ||    35
  Dodge: Dodged            |     7 |    20 |    43 ||    70

Table legend: (Time is in decaauts)
 A = Elapsed time spent in this place.
 B = Non-inter-level travel time spent in this place.
 C = Inter-level travel time spent in this place.
 D = Time resting spent in this place.
 E = Time spent auto-exploring this place.
 F = Levels seen in this place.
 G = Mean time per level.
                   A        B        C        D        E       F      G
               +--------+--------+--------+--------+--------+-----+--------+
         Total |   8731 |   8472 |    259 |   3277 |   2785 |   8 | 1091.4 |
       Dungeon |   8428 |   8169 |    259 |   3172 |   2655 |   7 | 1204.0 |
        Temple |    302 |    302 |      0 |    105 |    130 |   1 |  302.0 |
               +--------+--------+--------+--------+--------+-----+--------+

Top non-repeatable levels by time:
     D:5: 3267 daAuts
     D:2: 1188 daAuts
     D:1: 1148 daAuts
     D:3: 923 daAuts
     D:4: 919 daAuts
     D:6: 864 daAuts
  Temple: 302 daAuts
     D:7: 116 daAuts
